 Dungeon Crawl Stone Soup version 0.23.2-1-ga50397a6bc (webtiles) character file.

Game seed: 54166919846930889

336425 Gargoyl the Stickfighter (level 20, -9/182 HPs)
             Began as a Centaur Abyssal Knight on May 2, 2019.
             Was a High Priest of Lugonu.
             Killed from afar by a starcursed mass (14 damage)
             ... with an accursed screaming
             ... while paralysed by accursed screaming
             ... on level 1 of the Abyss on May 3, 2019.
             The game lasted 02:07:26 (58843 turns).

Gargoyl the Stickfighter (Centaur Abyssal Knight)  Turns: 58843, Time: 02:07:26

Health: -9/182     AC: 35    Str: 21    XL:     20   Next: 98%
Magic:  31/31      EV:  1    Int: 14    God:    Lugonu [*****.]
Gold:   2995       SH:  0    Dex: 20    Spells: 19/19 levels left

rFire    . . .     SeeInvis .   V - +4 broad axe "Ymosim" {speed, rElec rC+}
rCold    + + .     Gourm    .   (no shield)
rNeg     . . .     Faith    .   r - +8 chain mail of Geom Wesm {Regen+ Dex+4}
rPois    +         Spirit   .   j - +2 helmet
rElec    +         Reflect  .   G - scarf {repulsion}
rCorr    .         Harm     .   L - +1 pair of gloves of Hesojawk {rC+ Str+4 Dex+2}
MR       ++...     Clarity  +   T - +4 centaur barding "Korecvas" {Int+5 Stlth+}
Stlth    ..........             I - amulet of regeneration
HPRegen  1.20/turn              R - ring of protection from magic
MPRegen  0.22/turn              M - ring of poison resistance

@: paralysed, about to teleport, heavily drained, repel missiles, very quick
A: large, hooves 3, thin skeletal structure 1, clarity, deformed body, dopey 1,
speed 2, tough skin 3, weak 2
}: 2/15 runes: decaying, gossamer
a: Depart the Abyss, Bend Space, Banish, Corrupt, Enter the Abyss, Renounce
Religion


You were on level 1 of the Abyss.
You worshipped Lugonu.
Lugonu was extremely pleased with you.
You were very hungry.

You visited 6 branches of the dungeon, and saw 36 of its levels.
You visited the Abyss 4 times.
You also visited: Gauntlet.

You collected 6086 gold pieces.
You spent 3091 gold pieces at shops.

Inventory:

Hand Weapons
 i - the +7 quarterstaff of Righteous Fury {protect, Dex+4 SInv}
   (You found it on level 3 of the Abyss)

   It protects the one who uses it against injury (+AC on strike).
   It affects your dexterity (+4).
   It lets you see invisible.
 o - a +9 quarterstaff of electrocution
 s - a +3 war axe of electrocution
 C - the +11 hand axe "Wolir" {flame, MR+}
   (You found it on level 3 of the Abyss)

   It has been specially enchanted to burn those struck by it, causing extra
   injury to most foes and up to half again as much damage against particularly
   susceptible opponents.
   Big, fiery blades are also staple armaments of hydra-hunters.
   It affects your resistance to hostile enchantments.
 V - the +4 broad axe "Ymosim" (weapon) {speed, rElec rC+}
   (You bought it in a shop on level 1 of the Vaults)

   Attacks with this weapon are significantly faster.
   It protects you from cold.
   It insulates you from electricity.
 X - the +8 hand axe "Genwegh" {chop, *Noise rN+++ Dex+7}
   (You bought it in a shop on level 1 of the Vaults)

   It inflicts extra damage upon your enemies.
   It affects your dexterity (+7).
   It renders you almost immune to negative energy.
   It may make noises in combat.
Missiles
 F - 4 poisoned javelins (quivered)
Armour
 e - a +2 cloak of magic resistance
 j - a +2 helmet (worn)
 r - the +8 chain mail of Geom Wesm (worn) {Regen+ Dex+4}
   (You bought it in a shop on level 14 of the Dungeon)

   It affects your dexterity (+4).
   It increases your rate of regeneration.
 G - a scarf of repulsion (worn)
 L - the +1 pair of gloves of Hesojawk (worn) {rC+ Str+4 Dex+2}
   (You found it on level 2 of the Swamp)

   It affects your strength (+4).
   It affects your dexterity (+2).
   It protects you from cold.
 T - the +4 centaur barding "Korecvas" (worn) {Int+5 Stlth+}
   (You acquired it on level 3 of the Swamp)

   It affects your intelligence (+5).
   It makes you more stealthy.
Jewellery
 p - an uncursed ring of positive energy
 y - the ring "Wyes" {rF+ MP+9 Dex+3}
   (You found it on level 2 of the Spider Nest)

   [ring of magical power]

   It affects your dexterity (+3).
   It protects you from fire.
   It affects your magic capacity (+9).
 E - an uncursed ring of positive energy
 I - an amulet of regeneration (around neck)
 M - a ring of poison resistance (right hand)
 O - an uncursed ring of resist corrosion
 R - a ring of protection from magic (left hand)
 U - an uncursed ring of protection from magic
Wands
 f - a wand of paralysis (6)
 t - a wand of iceblast (20)
 x - a wand of disintegration (13)
 A - a wand of digging (17)
 J - a wand of flame (82)
 K - a wand of random effects (8)
 N - a wand of clouds (14)
Scrolls
 a - a scroll of brand weapon
 b - 2 scrolls of blinking
 d - 20 scrolls of remove curse
 q - 10 scrolls of fear
 v - 8 scrolls of magic mapping
 w - 4 scrolls of teleportation
 P - a scroll of vulnerability {unknown}
 W - 8 scrolls of identify
 Y - 3 scrolls of enchant armour
Potions
 g - 4 potions of might
 h - 3 potions of flight
 k - 6 potions of brilliance
 l - 3 potions of berserk rage
 n - 4 potions of resistance
 u - a potion of curing
 z - 8 potions of haste
 B - 6 potions of magic
 D - 3 potions of invisibility
 H - 3 potions of agility
 Q - 5 potions of ambrosia
Comestibles
 c - 49 rations


   Skills:
 + Level 16.4(12.8) Fighting
 + Level 3.2(0.6) Axes
 + Level 17.0(13.2) Staves
   Level 0.3(0.0) Crossbows
 + Level 4.5(1.7) Throwing
 * Level 15.8(12.2) Armour
 * Level 11.5(8.2) Dodging
 - Level 0.9(0.0) Stealth
 * Level 15.9(12.3) Invocations
 + Level 0.2(0.0) Evocations


You had 19 spell levels left.
You didn't know any spells.
Your spell library contained the following spells:

 Spells                   Type           Power        Failure   Level  Hunger
 Apportation              Tloc           #.....       86%         1    ##.....
 Confusing Touch          Hex            #.....       86%         1    ##.....
 Corona                   Hex            #......      86%         1    ##.....
 Flame Tongue             Conj/Fire      #....        86%         1    ##.....
 Sandblast                Erth           #.....       86%         1    ##.....
 Shock                    Conj/Air       #...         86%         1    ##.....
 Sting                    Conj/Pois      #...         86%         1    ##.....
 Summon Butterflies       Summ           #.......     86%         1    ##.....
 Corpse Rot               Necr           N/A          94%         2    ###....
 Ensorcelled Hibernation  Hex/Ice        #.....       94%         2    ###....
 Passwall                 Tmut/Erth      #.......     94%         2    ###....
 Slow                     Hex            #.......     94%         2    ###....
 Sublimation of Blood     Necr           #.........   94%         2    ###....
 Swiftness                Chrm/Air       #.......     94%         2    ###....
 Throw Flame              Conj/Fire      #.....       94%         2    ###....
 Confuse                  Hex            #.......     99%         3    ####...
 Conjure Flame            Conj/Fire      #.......     99%         3    ####...
 Dazzling Spray           Conj/Hex       #.....       99%         3    ####...
 Gell's Gravitas          Tloc           #.........   99%         3    ####...
 Inner Flame              Hex/Fire       #.......     99%         3    ####...
 Lesser Beckoning         Tloc           #.........   99%         3    ####...
 Mephitic Cloud           Conj/Pois/Air  #.......     99%         3    ####...
 Portal Projectile        Hex/Tloc       #.....       99%         3    ####...
 Spider Form              Tmut/Pois      #.........   99%         3    ####...
 Static Discharge         Conj/Air       #.......     99%         3    ####...
 Stone Arrow              Conj/Erth      #.....       99%         3    ####...
 Tukima's Dance           Hex            #.......     99%         3    ####...
 Airstrike                Air            #.........   100%        4    #####..
 Cause Fear               Hex            #.........   100%        4    #####..
 Leda's Liquefaction      Hex/Erth       #.........   100%        4    #####..
 Petrify                  Tmut/Erth      #.......     100%        4    #####..
 Sticky Flame             Conj/Fire      #.......     100%        4    #####..
 Agony                    Necr           #.......     100%        5    ######.
 Alistair's Intoxication  Tmut/Pois      #.......     100%        5    ######.
 Bolt of Draining         Conj/Necr      #.........   100%        5    ######.
 Dispel Undead            Necr           #.......     100%        5    ######.
 Excruciating Wounds      Chrm/Necr      #.........   100%        5    ######.
 Fireball                 Conj/Fire      #.........   100%        5    ######.
 Lee's Rapid Deconstruct  Erth           #.........   100%        5    ######.
 Lightning Bolt           Conj/Air       #.........   100%        5    ######.
 Metabolic Englaciation   Hex/Ice        #.........   100%        5    ######.
 Summon Forest            Summ/Tloc      #.........   100%        5    ######.
 Yara's Violent Unravell  Hex/Tmut       #.........   100%        5    ######.
 Hydra Form               Tmut           #.........   100%        6    #######
 Invisibility             Hex            #.......     100%        6    #######
 Ring of Flames           Chrm/Fire      #.........   100%        7    #######
 Summon Hydra             Summ           #.........   100%        7    #######


Dungeon Overview and Level Annotations

Branches:
Dungeon (15/15)            Temple (0/1) D:5            Lair (6/6) D:8
  Swamp (4/4) Lair:2       Spider (4/4) Lair:2        Slime (0/5) Lair:5
    Orc (2/2) D:11            Elf (0/3) Orc:2        Vaults (5/5) D:13
  Crypt (0/3) Vaults:3     Depths (0/5) D:15

Altars:
Fedhas
Gozag
Makhleb
Trog
The Shining One

Shops:
D:14 [   Orc:1 **}[   Orc:2 %:!(   Vaults:1 ([*   Vaults:3 *   Vaults:4 *

Portals:
Pandemonium: Orc:2

Annotations:
Vaults:5 corrupted


Innate Abilities, Weirdness & Mutations

You have hooves in place of feet.
Armour fits poorly on your strangely shaped body.
You cover ground very quickly.
You have extremely tough skin. (AC +3)
You have a somewhat thin skeletal structure. (Dex +2, Stealth)
You possess an exceptional clarity of mind.
You are dopey. (Int -2)
You are very weak. (Str -4)


Message History

A cacophony of accursed wailing tears at your sanity!
* * * LOW HITPOINT WARNING * * *
You can move again.
Unknown command.
Unknown command.
A cacophony of accursed wailing tears at your sanity!
* * * LOW HITPOINT WARNING * * *
You suddenly lose the ability to move!
A starcursed mass splits.
The starcursed mass engulfs you but does no damage.
A starcursed mass splits. x2
You can move again.
You feel better. The starcursed mass closely misses you.
Unknown command.
A hellephant comes into view.
The hellephant trumpets!
A cacophony of accursed wailing tears at your sanity!
* * * LOW HITPOINT WARNING * * *
You suddenly lose the ability to move!
A cacophony of accursed wailing tears at your sanity!
You die...

. ... ...% . ....
.##..###..##..#...
##...#.#...........
# ..#...#....... .#.
..##.#..#XXX....'...
....#..X#X#X....#
#....XX.X....
##.#.XX.X.....#
#..@#########
.Y.......# . #
..#.#.....# ## #
#..##.# .#. .. ..#.
.#. ...## #.. #.. ##


You could see a hellephant and 11 starcursed masses.

Vanquished Creatures
  Nikola (Vaults:1)
  Arachne (Spider:2)
  2 tentacled monstrosities
  4 thorn hunters
  2 shadow dragons (Vaults:4)
  Kirke (Lair:3)
  A storm dragon (shapeshifter) (Vaults:1)
  Roxanne (Swamp:1)
  A tengu reaver (Vaults:3)
  A storm dragon (Vaults:3)
  2 frost giants
  3 fire giants (Vaults:4)
  3 ghost moths (Spider:4)
  Louise (Swamp:4)
  11 vault wardens
  2 deep elf sorcerers
  8 emperor scorpions
  11 ironheart preservers
  A vampire knight (Vaults:3)
  9 stone giants
  A deep elf demonologist (Vaults:4)
  3 very ugly things (Vaults:4)
  4 entropy weavers
  A deep elf annihilator (Vaults:4)
  2 spark wasps
  Azrael (D:15)
  6 ettins
  A minotaur (Gauntlet)
  2 crystal guardians
  Josephine (D:11)
  4 fire dragons
  Snorg (D:13)
  10 yaktaur captains
  19 hydras
  A great orb of eyes (Vaults:4)
  2 rakshasas
  4 ice dragons
  34 vault guards
  9 ghost crabs
  12 ogre magi
  4 centaur warriors
  A dancing weapon (Abyss:4)
  37 two-headed ogres
  6 death yaks
  A deep troll earth mage (Vaults:4)
  A tengu warrior (D:15)
  4 alligators
  4 thrashing horrors (Abyss:2)
  6 orc high priests
  A sun demon (Orc:2)
  A fire crab (Gauntlet)
  12 spriggans
  3 deep elf knights
  2 skeletal warriors (Vaults:3)
  A titan skeleton (Abyss:2)
  3 shadow wraiths
  5 hell knights
  3 glowing orange brains
  2 infernal demonspawn (Orc:2)
  4 unseen horrors
  4 spriggan druids
  10 swamp dragons
  A torturous demonspawn (Orc:2)
  4 deep elf archers
  8 deep trolls
  A flayed ghost (Vaults:2)
  11 ironbrand convokers
  6 wizards
  3 lindwurms (Swamp:4)
  11 orc knights
  14 orb spiders
  7 harpies
  2 necromancers (Vaults:3)
  45 ugly things
  11 orc sorcerers
  3 deep elf magi
  A mana viper (shapeshifter) (Vaults:4)
  31 wolf spiders
  2 manticores
  5 cyclopes
  A moth of wrath (Spider:3)
  Psyche (D:8)
  4 apocalypse crabs (Swamp:1)
  A smoke demon (Abyss:2)
  2 rust devils
  2 black mambas
  13 vault sentinels
  2 torpor snails
  5 elephants (Lair:2)
  16 spiny frogs
  3 gargoyles
  An orange demon (Orc:2)
  A kobold demonologist (D:14)
  33 yaktaurs
  15 demonic crawlers
  3 komodo dragons
  3 freezing wraiths
  An ancient zyme (Abyss:2)
  4 polar bears (Lair:6)
  3 meliai (D:14)
  2 trolls
  19 hornets
  A hornet (shapeshifter) (Vaults:1)
  30 jumping spiders
  9 tyrant leeches
  9 slime creatures
  5 bog bodies
  Grinder (D:6)
  16 blink frogs
  6 dream sheep (Lair:5)
  6 hippogriffs
  6 flying skulls (Gauntlet)
  3 shadows
  A vampire (D:13)
  9 large abominations
  An alligator skeleton (Abyss:2)
  5 wraiths
  32 yaks
  26 tarantellas
  A shock serpent simulacrum (Abyss:2)
  62 redbacks
  7 wyverns
  8 starcursed masses (Abyss:4)
  A yak (shapeshifter) (D:14)
  A hog (Lair:3)
  A fire elemental (D:15)
  6 fire bats
  2 golden eyes (shapeshifter)
  A hungry ghost (D:13)
  4 basilisks
  A chaos spawn (Orc:2)
  15 vampire mosquitoes
  A neqoxec (Abyss:4)
  A warg (Vaults:4)
  23 insubstantial wisps
  15 water moccasins
  A hell hound (D:15)
  11 swamp worms
  3 soldier ants
  3 acid dragons
  9 porcupines
  15 swamp drakes
  A hornet zombie (D:15)
  4 sky beasts
  40 orc warriors
  3 phantoms
  A black bear (shapeshifter) (Vaults:3)
  An ice beast (D:5)
  7 black bears
  A necrophage (D:12)
  29 ogres
  5 boggarts (Lair:6)
  13 centaurs
  15 wolves (Lair:6)
  10 crocodiles
  A big kobold (D:6)
  12 bullfrogs
  A gnoll sergeant (D:8)
  8 small abominations
  A water moccasin zombie (D:10)
  A water moccasin skeleton (D:10)
  6 scorpions
  19 killer bees
  10 wights (D:12)
  4 howler monkeys
  10 electric eels
  A vampire bat (Lair:4)
  7 crimson imps
  A bullfrog zombie (D:7)
  A quasit (D:10)
  3 centaur skeletons
  2 centaur zombies (D:10)
  5 jellies
  27 orc priests
  5 hounds
  Crazy Yiuf (D:2)
  3 bullfrog skeletons
  17 orc wizards
  An iron imp (Abyss:2)
  Terence (D:2)
  8 worker ants
  Natasha (twice) (D:4)
  2 iguanas
  2 hell rats (D:8)
  A howler monkey zombie (D:7)
  13 gnolls
  A howler monkey skeleton (D:10)
  2 river rats (D:8)
  16 adders
  5 shadow imps
  2 white imps (Gauntlet)
  An adder skeleton (D:5)
  A worm (D:2)
  A dart slug (D:2)
  5 leopard geckos
  79 orcs
  A ball python (D:5)
  13 bats
  5 giant cockroaches
  3 goblins (D:3)
  7 hobgoblins
  24 jackals
  29 kobolds
  2 quokkas
  2 frilled lizards
  A quokka zombie (D:6)
  7 rats
  6 briar patches
  2 plants (D:6)
1479 creatures vanquished.

Vanquished Creatures (collateral kills)
  A manticore (D:12)
  A worker ant (D:12)
2 creatures vanquished.

Vanquished Creatures (others)
  The ghost of Amplified the Bludgeoner, an adept HOAK of Lugonu (Vaults:1)
  A storm dragon (Vaults:4)
  A sixfirhy (Abyss:4)
  A spriggan druid (Swamp:1)
  2 swamp dragons
  A wizard (Vaults:3)
  A spiny frog (Swamp:1)
  2 jumping spiders
  3 redbacks (Spider:3)
  2 hell hounds (D:14)
  An orc warrior (Vaults:1)
  A porcupine (shapeshifter) (Vaults:3)
  2 electric eels (D:7)
  9 fungi
  12 plants
  2 starspawn tentacles (Vaults:5)
42 creatures vanquished.

Grand Total: 1523 creatures vanquished

Notes
Turn   | Place    | Note
-------+----------+-------------------------------------------
     0 | Abyss:1  | Gargoyl the Centaur Abyssal Knight began the quest for the
                  | Orb.
     0 | Abyss:1  | Reached XP level 1. HP: 19/19 MP: 2/2
    61 | Abyss:2  | Found a corrupted altar of Lugonu.
   116 | Abyss:2  | Noticed a hellion
   121 | Abyss:2  | Noticed a raiju
   152 | Abyss:3  | Got an ichor-stained quarterstaff
   153 | Abyss:3  | Identified the +7 quarterstaff of Righteous Fury {protect,
                  | Dex+4 SInv} (You found it on level 3 of the Abyss)
   167 | Abyss:3  | Noticed a chaos spawn
   168 | D:1      | Escaped the Abyss
   228 | D:1      | Reached * piety under Lugonu
   248 | D:1      | Reached XP level 2. HP: 26/26 MP: 3/3
   345 | D:1      | Reached skill level 1 in Staves
   865 | D:2      | Reached XP level 3. HP: 27/31 MP: 4/4
   866 | D:2      | Reached skill level 1 in Dodging
   919 | D:2      | Found a runed translucent door.
   920 | D:2      | Noticed Crazy Yiuf
   952 | D:2      | Found a bloodstained altar of Trog.
  1105 | D:2      | Reached skill level 2 in Staves
  1105 | D:2      | Reached XP level 4. HP: 38/38 MP: 5/5
  1195 | D:2      | Reached skill level 3 in Staves
  1216 | D:2      | Noticed Terence
  1223 | D:2      | Killed Terence
  1223 | D:2      | Reached XP level 5. HP: 46/46 MP: 6/6
  1432 | D:2      | Killed Crazy Yiuf
  1653 | D:3      | Reached ** piety under Lugonu
  1913 | D:3      | Found a glowing golden altar of the Shining One.
  2122 | D:4      | Reached skill level 4 in Staves
  2135 | D:4      | Reached XP level 6. HP: 52/52 MP: 7/7
  2294 | D:4      | Noticed Natasha
  2299 | D:4      | Killed Natasha
  2314 | D:4      | Noticed Natasha
  2320 | D:4      | Killed Natasha
  2560 | D:4      | Reached skill level 5 in Staves
  2648 | D:5      | Entered Level 5 of the Dungeon
  2775 | D:5      | Reached XP level 7. HP: 60/60 MP: 8/8
  2937 | D:5      | Found a staircase to the Ecumenical Temple.
  3288 | D:5      | Reached skill level 1 in Throwing
  3315 | D:5      | Reached skill level 6 in Staves
  3956 | D:6      | Reached XP level 8. HP: 65/67 MP: 9/9
  4084 | D:6      | Noticed a hornet
  4088 | D:6      | Paralysed by a hornet for 3 turns
  4092 | D:6      | Killed a hornet
  4291 | D:6      | Reached *** piety under Lugonu
  4312 | D:6      | Reached skill level 7 in Staves
  4641 | D:6      | Reached skill level 5 in Fighting
  4838 | D:6      | Noticed Grinder
  4844 | D:6      | Killed Grinder
  5465 | D:6      | Reached skill level 8 in Staves
  5530 | D:6      | Reached XP level 9. HP: 74/74 MP: 8/10
  5850 | D:7      | Noticed a two-headed ogre
  5971 | D:7      | Killed a two-headed ogre
  5971 | D:7      | Reached skill level 9 in Staves
  6452 | D:7      | Reached **** piety under Lugonu
  7238 | D:7      | Reached XP level 10. HP: 60/84 MP: 7/12
  7695 | D:8      | Noticed a death yak
  7709 | D:8      | Noticed a death yak
  7709 | D:8      | Noticed a death yak
  7727 | D:7      | Killed a death yak
  7727 | D:7      | Reached skill level 5 in Armour
  7918 | D:7      | Killed a death yak
  8088 | D:8      | Killed a death yak
  8088 | D:8      | Reached skill level 10 in Staves
  8444 | D:8      | Found a staircase to the Lair.
  8536 | D:8      | Paralysed by a hornet for 3 turns
  8918 | D:8      | Reached ***** piety under Lugonu
  9082 | D:8      | Noticed Psyche
  9087 | D:8      | Killed Psyche
  9264 | D:8      | Reached XP level 11. HP: 73/91 MP: 14/14
  9265 | D:8      | Noticed a two-headed ogre
  9272 | D:8      | Killed a two-headed ogre
  9272 | D:8      | Reached skill level 5 in Invocations
  9531 | Lair:1   | Entered Level 1 of the Lair of Beasts
  9536 | Lair:1   | Noticed a five-headed hydra
  9542 | Lair:1   | Killed a five-headed hydra
 10901 | Lair:2   | Reached skill level 11 in Staves
 11040 | Lair:2   | Noticed a four-headed hydra
 11045 | Lair:2   | Killed a four-headed hydra
 11309 | Lair:2   | Noticed a fire dragon
 11351 | Lair:2   | Killed a fire dragon
 11764 | Lair:2   | Found a hole to the Spider Nest.
 11794 | Lair:2   | Reached XP level 12. HP: 60/101 MP: 16/16
 12222 | Lair:2   | Found a staircase to the Swamp.
 12866 | Lair:3   | Noticed an eight-headed hydra
 12874 | Lair:3   | Killed an eight-headed hydra
 13129 | Lair:3   | Reached skill level 5 in Dodging
 13896 | Lair:4   | Gained mutation: You are dopey. (Int -2) [potion of
                  | mutation]
 13896 | Lair:4   | Gained mutation: Your spells are a little easier to cast,
                  | but a little less powerful. [potion of mutation]
 13896 | Lair:4   | Gained mutation: You have a pair of small horns on your
                  | head. [potion of mutation]
 13896 | Lair:4   | Gained mutation: You are resistant to electric shocks.
                  | (rElec) [potion of mutation]
 13898 | Lair:4   | Lost mutation: You have a pair of small horns on your head.
                  | [potion of mutation]
 13898 | Lair:4   | Lost mutation: You are resistant to electric shocks.
                  | (rElec) [potion of mutation]
 13898 | Lair:4   | Lost mutation: You are dopey. (Int -2) [potion of mutation]
 13898 | Lair:4   | Gained mutation: Your magical capacity is low. (-10% MP)
                  | [potion of mutation]
 13898 | Lair:4   | Gained mutation: You have a somewhat thin skeletal
                  | structure. (Dex +2, Stealth) [potion of mutation]
 13983 | Lair:4   | Noticed Kirke
 14032 | Lair:3   | Killed Kirke
 14749 | Lair:5   | Reached skill level 12 in Staves
 14792 | Lair:5   | Found a staircase to the Slime Pits.
 15356 | Lair:5   | Reached ****** piety under Lugonu
 15589 | Lair:5   | Noticed a death yak
 15591 | Lair:5   | Noticed a death yak
 15592 | Lair:5   | Noticed a death yak
 15596 | Lair:5   | Killed a death yak
 15596 | Lair:5   | Reached XP level 13. HP: 89/108 MP: 17/17
 16444 | Lair:6   | Entered Level 6 of the Lair of Beasts
 16497 | Lair:6   | Got a polished ring mail
 16607 | Lair:5   | Identified the cursed +1 ring mail of Jexof {rPois MR+
                  | Str-3} (You found it on level 6 of the Lair of Beasts)
 18647 | D:9      | Reached skill level 13 in Staves
 18724 | D:9      | You fall through a shaft!
 18724 | D:10     | Entered Level 10 of the Dungeon
 18893 | D:9      | You fall through a shaft for 3 floors!
 18969 | D:12     | Found a gate leading to a gauntlet.
 18975 | Gauntlet | Entered a Gauntlet
 18975 | Gauntlet | Found a transporter.
 18975 | Gauntlet | Found a runed translucent gate.
 18975 | Gauntlet | Found a runed translucent gate.
 18981 | Gauntlet | Found a runed translucent gate.
 18987 | Gauntlet | Found a transporter.
 18989 | Gauntlet | Found a transporter.
 19011 | Gauntlet | Found a transporter.
 19019 | Gauntlet | Found a transporter.
 19118 | Gauntlet | Noticed a death ooze
 19143 | Gauntlet | Found a transporter.
 19143 | Gauntlet | Found a transporter.
 19319 | Gauntlet | Found a transporter.
 19321 | Gauntlet | Found a transporter.
 19338 | Gauntlet | Found a runed translucent door.
 19340 | Gauntlet | Found a transporter.
 19340 | Gauntlet | Found a transporter.
 19395 | Gauntlet | Noticed a minotaur
 19402 | Gauntlet | Killed a minotaur
 20612 | D:10     | Reached XP level 14. HP: 118/119 MP: 18/18
 21463 | D:11     | Found a staircase to the Orcish Mines.
 21521 | D:11     | Noticed Josephine
 21742 | D:11     | Killed Josephine
 22181 | D:12     | Found a blossoming altar of Fedhas.
 22729 | D:13     | Reached skill level 10 in Fighting
 23350 | D:13     | Found a gate to the Vaults.
 23526 | D:12     | Reached skill level 10 in Armour
 23526 | D:12     | Reached skill level 10 in Invocations
 23871 | D:13     | Noticed Snorg
 23886 | D:13     | Killed Snorg
 25394 | D:14     | Found Poude's Antique Armour Boutique.
 25439 | D:14     | Bought a tiger eye-encrusted chain mail for 199 gold pieces
 25449 | D:14     | Identified the +8 chain mail of Geom Wesm {Regen+ Dex+4}
                  | (You bought it in a shop on level 14 of the Dungeon)
 25760 | D:14     | Reached skill level 14 in Staves
 26015 | D:15     | Entered Level 15 of the Dungeon
 26297 | D:15     | Found a burning altar of Makhleb.
 26779 | D:15     | Noticed Azrael
 26794 | D:15     | Killed Azrael
 27104 | D:15     | Found a staircase to the Depths.
 27114 | D:15     | Reached XP level 15. HP: 121/128 MP: 20/20
 27449 | Orc:1    | Entered Level 1 of the Orcish Mines
 27449 | Orc:1    | Found Wocvuut's Armour Shop.
 27639 | Orc:2    | Entered Level 2 of the Orcish Mines
 27674 | Orc:1    | Found Nipsueka's Gadget Boutique.
 27699 | Orc:1    | You fall through a shaft!
 27806 | Orc:2    | Found a staircase to the Elven Halls.
 28050 | Orc:1    | Found Pataxocsu's General Store.
 28065 | Orc:1    | Bought a potion of mutation for 112 gold pieces
 28065 | Orc:1    | Lost mutation: Your spells are a little easier to cast, but
                  | a little less powerful. [potion of mutation]
 28065 | Orc:1    | Lost mutation: Your magical capacity is low. (-10% MP)
                  | [potion of mutation]
 28065 | Orc:1    | Gained mutation: Your magical capacity is low. (-10% MP)
                  | [potion of mutation]
 28065 | Orc:1    | Gained mutation: You are dopey. (Int -2) [potion of
                  | mutation]
 28065 | Orc:1    | Gained mutation: You possess an exceptional clarity of
                  | mind. [potion of mutation]
 28065 | Orc:1    | Lost mutation: Your magical capacity is low. (-10% MP)
                  | [potion of mutation]
 28163 | Orc:1    | Found Sawu Kir's General Store.
 28485 | Orc:2    | Found Ryhoab's Distillery.
 28489 | Orc:2    | Found Imatogie's Food Emporium.
 29113 | Orc:1    | Escaped the Abyss
 30773 | Orc:2    | Found Xotystru's Book Shop.
 30773 | Orc:2    | Found Zawaz's Antique Weapon Boutique.
 30773 | Orc:2    | Found a one-way gate leading to the halls of Pandemonium.
 31184 | Spider:1 | Entered Level 1 of the Spider Nest
 31518 | Swamp:1  | Entered Level 1 of the Swamp
 31518 | Swamp:1  | Found a runed translucent door.
 32001 | Swamp:1  | Identified Dudekhai's Collected Works on Intoxication and
                  | Heat
 32304 | Swamp:1  | Noticed Roxanne
 32357 | Swamp:1  | Killed Roxanne
 32813 | Swamp:2  | Noticed a tentacled monstrosity
 32828 | Swamp:2  | Killed a tentacled monstrosity
 32937 | Swamp:2  | Got a pair of bloodstained gloves
 32952 | Swamp:2  | Identified the +1 pair of gloves of Hesojawk {rC+ Str+4
                  | Dex+2} (You found it on level 2 of the Swamp)
 33032 | Swamp:2  | Reached XP level 16. HP: 117/139 MP: 24/24
 34330 | Orc:1    | Bought an uncursed ring of poison resistance for 280 gold
                  | pieces
 35041 | Swamp:3  | Identified a scroll of acquirement
 35042 | Swamp:3  | Got a heavily runed centaur barding
 35048 | Swamp:3  | Identified the +4 centaur barding "Korecvas" {Int+5 Stlth+}
                  | (You acquired it on level 3 of the Swamp)
 35396 | Swamp:3  | Noticed a thorn hunter
 35408 | Swamp:3  | Killed a thorn hunter
 35877 | Swamp:4  | Entered Level 4 of the Swamp
 36134 | Swamp:4  | Noticed a thorn hunter
 36535 | Swamp:4  | Noticed a thorn hunter
 36602 | Swamp:4  | Killed a thorn hunter
 36785 | Swamp:3  | Killed a thorn hunter
 37299 | Swamp:4  | Got a decaying rune of Zot
 37416 | Swamp:4  | Found the +8 Wrath of Trog {antimagic, *Rage}
 37445 | Swamp:4  | Noticed Louise
 37466 | Swamp:4  | Killed Louise
 37566 | Swamp:4  | Noticed a thorn hunter
 37576 | Swamp:4  | Killed a thorn hunter
 37576 | Swamp:4  | Reached skill level 15 in Staves
 38146 | Vaults:1 | Entered Level 1 of the Vaults
 38559 | Vaults:1 | Noticed Nikola
 38632 | Vaults:1 | Killed Nikola
 38632 | Vaults:1 | Reached XP level 17. HP: 41/148 MP: 26/26
 39212 | Vaults:1 | Found Gozag's Antique Weapon Shoppe.
 39459 | Vaults:1 | Found an opulent altar of Gozag.
 39467 | Vaults:1 | Found Gozag's Assorted Antiques.
 39482 | Vaults:1 | Found Gozag's Antique Armour Emporium.
 39651 | Vaults:1 | Bought an embroidered scarf for 800 gold pieces
 39961 | Vaults:1 | Found a runed translucent door.
 39963 | Vaults:1 | Noticed Amplified's ghost (adept HOAK)
 39992 | Vaults:1 | Banished Amplified's ghost
 40481 | Vaults:1 | Bought an ichor-stained broad axe for 900 gold pieces
 40481 | Vaults:1 | Bought a twisted hand axe for 800 gold pieces
 40483 | Vaults:1 | Identified the +4 broad axe "Ymosim" {speed, rElec rC+}
                  | (You bought it in a shop on level 1 of the Vaults)
 40484 | Vaults:1 | Identified the +8 hand axe "Genwegh" {chop, *Noise rN+++
                  | Dex+7} (You bought it in a shop on level 1 of the Vaults)
 40720 | Vaults:1 | Got an iridescent arbalest
 40834 | Vaults:1 | Identified the +3 arbalest "Asiy" {speed, rC+} (You found
                  | it on level 1 of the Vaults)
 42468 | Vaults:2 | Reached XP level 18. HP: 121/159 MP: 28/28
 43339 | Spider:1 | You fall through a shaft!
 43669 | Spider:2 | Got a crude bone ring
 43670 | Spider:2 | Identified the ring "Wyes" {rF+ MP+9 Dex+3} (You found it
                  | on level 2 of the Spider Nest)
 43674 | Spider:2 | You fall through a shaft!
 43675 | Spider:3 | Noticed Arachne
 44860 | Spider:2 | Killed Arachne
 45007 | Spider:3 | Reached skill level 10 in Dodging
 46250 | Spider:4 | Entered Level 4 of the Spider Nest
 48656 | Spider:4 | Got a gossamer rune of Zot
 49527 | Vaults:3 | Reached XP level 19. HP: 163/168 MP: 29/29
 49545 | Vaults:3 | Reached skill level 16 in Staves
 50764 | Vaults:3 | Reached skill level 15 in Fighting
 50892 | Vaults:3 | Found Reyxzebi's Assorted Antiques.
 51206 | Vaults:3 | Found a staircase to the Crypt.
 52716 | Vaults:4 | Found Isigokol's General Store.
 52848 | Vaults:4 | Reached skill level 15 in Armour
 52881 | Vaults:3 | Reached skill level 15 in Invocations
 53319 | Vaults:4 | Paralysed by an ogre mage for 2 turns
 53730 | Vaults:4 | Reached XP level 20. HP: 179/179 MP: 31/31
 53919 | Vaults:5 | Entered Level 5 of the Vaults
 53920 | Vaults:5 | Corrupted Vaults:5
 53920 | Vaults:5 | Noticed a bone dragon
 56994 | Vaults:5 | Noticed a golden dragon
 56994 | Vaults:5 | Cast into level 2 of the Abyss (a deep elf demonologist)
 57567 | Abyss:3  | Got a crude hand axe
 57568 | Abyss:3  | Identified the +11 hand axe "Wolir" {flame, MR+} (You found
                  | it on level 3 of the Abyss)
 57658 | Abyss:4  | Gained mutation: You are weak. (Str -2) [a neqoxec]
 57665 | Abyss:4  | Gained mutation: You are very weak. (Str -4) [a neqoxec]
 57692 | Vaults:5 | Escaped the Abyss
 57693 | Vaults:5 | HP: 4/182 [yaktaur captain/bolt (12)]
 57693 | Vaults:5 | HP: 1/182 [soul eater/drain life[a deep elf demonologist]
                  | (3)]
 58557 | Vaults:3 | Reached skill level 17 in Staves
 58834 | Abyss:1  | Paralysed by accursed screaming for 2 turns
 58838 | Abyss:1  | Paralysed by accursed screaming for 2 turns
 58842 | Abyss:1  | HP: 4/182 [starcursed mass/accursed screaming (19)]
 58842 | Abyss:1  | Paralysed by accursed screaming for 2 turns
 58843 | Abyss:1  | Killed from afar by a starcursed mass

Skill      XL: |  1  2  3  4  5  6  7  8  9 10 11 12 13 14 15 16 17 18 19 20 |
---------------+-------------------------------------------------------------+-----
Staves         | 1 2 3 4 5 6 8 9 10 11 12 13 14 15 16 17 | 17.0
Dodging        | 1 2 3 4 5 6 7 8 9 10 11 | 11.5
Fighting       | 4 5 6 7 8 9 10 12 13 14 15 16 | 16.4
Armour         | 2 3 4 6 7 8 9 10 11 12 13 14 15 | 15.8
Throwing       | 1 2 3 4 |  4.5
Invocations    | 3 4 6 8 9 10 11 12 13 14 15 | 15.9
Axes           | 3 |  3.2
Crossbows      | |  0.3
Stealth        | |  0.9
Evocations     | |  0.2

Action                   |  1- 3 |  4- 6 |  7- 9 | 10-12 | 13-15 | 16-18 | 19-21 || total
-------------------------+-------+-------+-------+-------+-------+-------+-------++-------
Melee: Quarterstaff      |    49 |   120 |   226 |   476 |  1634 |  1967 |  1697 ||  6169
       Kick              |     6 |    23 |    66 |   142 |   539 |  1053 |  1118 ||  2947
       Broad axe         |       |       |       |       |       |       |    72 ||    72
 Fire: Arbalest          |       |       |       |       |       |    16 |       ||    16
Throw: Tomahawk          |       |     6 |     7 |    25 |       |       |       ||    38
       Javelin           |       |       |       |     1 |    11 |     8 |     2 ||    22
Invok: Depart the Abyss  |     1 |       |       |       |     1 |       |     1 ||     3
       Bend Space        |       |       |     1 |       |     1 |     1 |     3 ||     6
       Banish            |       |       |     2 |       |     3 |     8 |     6 ||    19
       Enter the Abyss   |       |       |       |       |     1 |       |     1 ||     2
       Corrupt           |       |       |       |       |       |       |     1 ||     1
 Abil: Evoke Berserk Rag |       |       |       |       |       |     1 |       ||     1
  Use: Scroll            |     9 |     4 |     8 |    17 |    16 |    14 |    12 ||    80
       Potion            |       |       |     1 |     5 |     6 |     2 |     7 ||    21
  Eat: Chunk             |       |     4 |    10 |    14 |    19 |    31 |    20 ||    98
       Ration            |       |       |     1 |     2 |     9 |     6 |     3 ||    21
Armor: Scale mail        |    31 |    94 |   126 |   280 |   405 |       |       ||   936
       Chain mail        |       |       |       |       |   583 |  1918 |  1256 ||  3757
Dodge: Dodged            |    24 |    55 |    85 |   216 |   711 |  1254 |   753 ||  3098
       Deflected         |       |       |       |       |       |       |    43 ||    43
